 Dungeon Crawl Stone Soup version 0.20.1-1-g8b1a95d (webtiles) character file.

2926 TheGuigne the Cleaver (level 9, -5/82 HPs)
             Began as a Hill Orc Fighter on Aug 20, 2017.
             Was an Initiate of Qazlal.
             Slain by Pikel
             ... wielding a +1 whip of electrocution
              (16 damage)
             ... on level 7 of the Dungeon.
             The game lasted 00:14:48 (7256 turns).

TheGuigne the Cleaver (Hill Orc Fighter)            Turns: 7256, Time: 00:14:48

Health: -5/82      AC: 17    Str: 21      XL:     9   Next: 79%
Magic:  11/11      EV:  5    Int:  8 (9)  God:    Qazlal [......]
Gold:   299        SH:  9    Dex:  9 (10) Spells: 8/8 levels left

rFire    . . .     SeeInvis .   a - +0 war axe
rCold    . . .     Gourm    .   c - +0 shield
rNeg     + . .     Faith    .   k - +0 plate armour
rPois    .         Spirit   .   (no helmet)
rElec    .         Reflect  .   x - +2 cloak
rCorr    .         Harm     .   (no gloves)
MR       .....                  (no boots)
Stlth    ..........             (no amulet)
Regen    0.3/turn               (no ring)
MPRegen  0.2/turn               J - ring of positive energy

@: no status effects
A: no striking features
a: Renounce Religion


You were on level 7 of the Dungeon.
You worshipped Qazlal.
Qazlal was noncommittal.
You were not hungry.

You visited 2 branches of the dungeon, and saw 8 of its levels.
You also visited: Sewer.

You collected 299 gold pieces.

Inventory:

Hand Weapons
 a - a +0 war axe (weapon)
 b - a +0 hunting sling
 j - a +0 whip
Armour
 c - a +0 shield (worn)
 k - a +0 plate armour (worn)
 v - a +1 cloak
 x - a +2 cloak (worn)
 L - a +1 ring mail of positive energy
Jewellery
 J - a ring of positive energy (right hand)
Wands
 d - a wand of acid (4/15)
 G - a wand of disintegration (5/24)
 I - a wand of polymorph (12/24)
 M - a wand of lightning (2/15)
Scrolls
 e - 3 scrolls of teleportation
 g - 3 scrolls of blinking
 h - a scroll of magic mapping
 m - a scroll of fear
 n - 2 scrolls of random uselessness {unknown}
 p - 5 scrolls of remove curse
 q - 2 scrolls of noise {unknown}
 t - a scroll of identify
 w - 2 scrolls of enchant armour {unknown}
 y - 2 scrolls of fog {unknown}
 C - a scroll of vulnerability {unknown}
Potions
 l - a potion of cancellation {unknown}
 o - a potion of agility
 s - a potion of resistance {unknown}
 z - a potion of lignification {unknown}
 A - a potion of curing {unknown}
 D - a potion of flight
Books
 B - a Young Poisoner's Handbook

   Spells                             Type                      Level
   a - Sting                          Conjuration/Poison           1
   b - Poisonous Vapours              Poison/Air                   2
   c - Mephitic Cloud                 Conjuration/Poison/Air       3
   d - Olgreb's Toxic Radiance        Poison                       4
   e - Venom Bolt                     Conjuration/Poison           5
 F - a book of Necromancy

   Spells                             Type                      Level
   a - Pain                           Necromancy                   1
   b - Animate Skeleton               Necromancy                   1
   c - Vampiric Draining              Necromancy                   3
   d - Regeneration                   Charms/Necromancy            3
   e - Animate Dead                   Necromancy                   4
   f - Control Undead                 Necromancy                   4
 H - a book of Misfortune

   Spells                             Type                      Level
   a - Confusing Touch                Hexes                        1
   b - Confuse                        Hexes                        3
   c - Gell's Gravitas                Translocation                3
   d - Petrify                        Transmutation/Earth          4
   e - Metabolic Englaciation         Hexes/Ice                    5
   f - Yara's Violent Unravelling     Hexes/Transmutation          5
 N - a book of Conjurations

   Spells                             Type                      Level
   a - Magic Dart                     Conjuration                  1
   b - Searing Ray                    Conjuration                  2
   c - Dazzling Spray                 Conjuration/Hexes            3
   d - Fulminant Prism                Conjuration/Hexes            4
   e - Force Lance                    Conjuration/Translocation    4
   f - Iskenderun's Mystic Blast      Conjuration                  4
Comestibles
 f - 13 bread rations
 i - 4 meat rations
 r - 7 fruits
 u - 2 royal jellies
 E - 2 chunks of flesh


   Skills:
 * Level 8.4 Fighting
 - Level 10.1 Axes
 + Level 9.6 Armour
 + Level 1.2 Dodging
 - Level 3.2 Shields
 * Level 3.0 Invocations
 - Level 0.2 Evocations


You had 8 spell levels left.
You didn't know any spells.

Dungeon Overview and Level Annotations

Branches:
Dungeon (7/15)             Temple (1/1) D:6

Altars:
Gozag
Hepliaklqana
Nemelex Xobeh
Okawaru
Qazlal
Ru
Sif Muna
Uskayaw
Vehumet
Yredelemnul
Zin
The Shining One

Annotations:
D:7 Pikel


Message History

You block Pikel's attack.
You miss Pikel.
Pikel is almost dead.
Pikel barely misses you.
A giant cockroach comes into view.
You miss Pikel.
Pikel is almost dead.
The giant cockroach moves out of view.
Pikel barely misses you.
You barely miss Pikel.
Pikel is almost dead.
Pikel hits you but does no damage.
You are electrocuted!
You hit Pikel.
Pikel is almost dead.
Pikel hits you but does no damage.
You are electrocuted!
* * * LOW HITPOINT WARNING * * *
You closely miss Pikel.
Pikel is almost dead.
Pikel says, "You'll fetch a fair price!"
Pikel hits you but does no damage.
You are electrocuted!
You die...

#.######
#.# #.# #.#
#.# #.# #.#
#########.#
....ppK@..#
#...Mp#####
#.... #...
... .. .


You could see Pikel, 3 slaves and a mummy.

Vanquished Creatures
  Grinder (D:6)
  A hippogriff (D:7)
  A spriggan (D:7)
  Eustachio (D:5)
  Menkaure (D:5)
  A slave (D:7)
  An orc warrior (D:6)
  An ice beast (D:5)
  2 phantoms
  The ghost of tidbits the Insei, an amateur DgTm (D:5)
  2 ogres (D:6)
  A centaur (D:5)
  4 bullfrogs
  A scorpion (D:4)
  5 killer bees (D:7)
  A howler monkey (D:4)
  2 crimson imps
  A bullfrog zombie (D:5)
  2 jellies (D:6)
  2 orc priests
  4 hounds
  An iguana (D:4)
  2 orc wizards
  A centaur skeleton (D:5)
  3 worker ants
  The ghost of dscm the Sneak, a weakling OpEE (D:4)
  A worker ant zombie (D:7)
  5 adders
  12 gnolls
  A shadow imp (D:6)
  2 oozes (D:1)
  5 worms
  3 dart slugs (D:1)
  5 leopard geckos
  19 orcs
  5 ball pythons (Sewer)
  6 bats
  6 giant cockroaches
  8 goblins
  6 hobgoblins
  17 jackals
  7 kobolds
  4 quokkas
  9 frilled lizards
  A quokka skeleton (D:4)
  15 rats
181 creatures vanquished.

Notes
Turn   | Place    | Note
-------+----------+-------------------------------------------
     0 | D:1      | TheGuigne the Hill Orc Fighter began the quest for the Orb.
     0 | D:1      | Reached XP level 1. HP: 19/19 MP: 1/1
    54 | D:1      | Reached skill level 3 in Axes
   149 | D:1      | Reached XP level 2. HP: 24/26 MP: 2/2
   152 | D:1      | Reached skill level 4 in Axes
   435 | D:1      | Reached XP level 3. HP: 31/31 MP: 3/3
   747 | D:2      | Reached skill level 5 in Axes
   911 | D:2      | Reached XP level 4. HP: 39/39 MP: 4/4
  1155 | D:2      | Found a radiant altar of Vehumet.
  1158 | D:2      | Found a glowing golden altar of the Shining One.
  1161 | D:2      | Found a glowing silver altar of Zin.
  1337 | D:3      | Reached skill level 6 in Axes
  1430 | D:3      | Reached XP level 5. HP: 12/45 MP: 5/5
  1741 | D:3      | Reached skill level 7 in Axes
  2210 | D:4      | Noticed a phantom
  2210 | D:4      | Noticed dscm's ghost (weakling OpEE)
  2219 | D:4      | Killed dscm's ghost
  2243 | D:4      | Reached skill level 8 in Axes
  2243 | D:4      | Reached XP level 6. HP: 36/51 MP: 6/6
  2285 | D:4      | Killed a phantom
  2590 | D:4      | Reached skill level 9 in Axes
  2813 | D:4      | Reached XP level 7. HP: 51/57 MP: 7/7
  2949 | D:4      | Reached skill level 10 in Axes
  3278 | D:5      | Entered Level 5 of the Dungeon
  3429 | D:5      | Found a glowing drain.
  3433 | Sewer    | Entered a sewer
  3652 | Sewer    | Reached skill level 5 in Armour
  4057 | D:5      | Noticed Eustachio
  4086 | D:5      | Reached XP level 8. HP: 43/67 MP: 8/8
  4088 | D:5      | Killed Eustachio
  4088 | D:5      | Reached skill level 5 in Fighting
  4447 | D:5      | Noticed Menkaure
  4455 | D:5      | Killed Menkaure
  4722 | D:5      | Noticed tidbits's ghost (amateur DgTm)
  4746 | D:5      | Killed tidbits's ghost
  5232 | D:6      | Noticed Grinder
  5263 | D:6      | Paralysed by Grinder for 4 turns
  5279 | D:6      | Killed Grinder
  5279 | D:6      | Reached XP level 9. HP: 69/78 MP: 9/9
  5355 | D:6      | Found a staircase to the Ecumenical Temple.
  5364 | Temple   | Entered the Ecumenical Temple
  5383 | Temple   | Became a worshipper of Qazlal Stormbringer
  5511 | D:6      | Found a deep blue altar of Sif Muna.
  5550 | D:6      | Found a hazy altar of Hepliaklqana.
  5827 | D:6      | Reached skill level 1 in Dodging
  6029 | D:6      | Reached skill level 1 in Invocations
  7226 | D:7      | Noticed Pikel
  7256 | D:7      | Slain by Pikel

Skill      XL: |  1  2  3  4  5  6  7  8  9 |
---------------+----------------------------+-----
Axes           | 3 4 5 6 8 9 10 | 10.1
Armour         | 5 7 9 |  9.6
Fighting       | 4 6 8 |  8.4
Dodging        | 1 |  1.2
Invocations    | 3 |  3.0
Shields        | |  3.2
Evocations     | |  0.2

Action                   |  1- 3 |  4- 6 |  7- 9 || total
-------------------------+-------+-------+-------++-------
Melee: War axe           |    77 |   216 |   455 ||   748
Evoke: Wand              |       |       |     1 ||     1
  Use: Scroll            |       |       |     6 ||     6
       Potion            |       |       |     7 ||     7
  Eat: Chunk             |       |     7 |    13 ||    20
       Fruit             |       |       |     2 ||     2
Armor: Scale mail        |     6 |       |       ||     6
       Plate armour      |    45 |   139 |   266 ||   450
Dodge: Dodged            |    11 |    29 |    69 ||   109
Block: Shield            |    20 |   111 |   182 ||   313
